 Dungeon Crawl Stone Soup version 0.31-a0-164-g2312942fda (webtiles) character file.

Game seed: 17634732256334764760

16 Moral the Trooper (level 2, 0/27 HPs)
             Began as a Hill Orc Fighter on June 14, 2023.
             Succumbed to a kobold's poison
             ... on level 1 of the Dungeon.
             The game lasted 00:00:56 (514 turns).

Moral the Trooper (Hill Orc Fighter)                 Turns: 514, Time: 00:00:56

Health: 0/27       AC:  6    Str: 18    XL:     2   Next: 54%
Magic:  2/2        EV:  9    Int:  8    God:
Gold:   65         SH:  4    Dex: 10    Spells: 1/1 levels left

rFire   . . .        a - +0 war axe
rCold   . . .        c - +0 buckler
rNeg    . . .        b - +0 scale mail
rPois   .            (no helmet)
rElec   .            (no cloak)
rCorr   .            (no gloves)
SInv    .            (no boots)
Will    .....        (no amulet) Stlth
                     (no ring)
HPRegen 0.24/turn    (no ring)
MPRegen 0.08/turn

%: no passive effects
@: lethally poisoned (0 -> -11)
A: no striking features
a: no special abilities


You were on level 1 of the Dungeon.
You visited 1 branch of the dungeon, and saw 1 of its levels.

You collected 65 gold pieces.

Inventory:

Hand Weapons
 a - a +0 war axe (weapon)
Armour
 b - a +0 scale mail (worn)
 c - a +0 buckler (worn)
Potions
 d - a potion of might


   Skills:
 + Level 3.8 Fighting
 * Level 3.3 Axes
 + Level 3.4 Armour
 + Level 3.5 Shields


You had one spell level left.
You didn't know any spells.
Your spell library was empty.

Dungeon Overview and Level Annotations

Branches:
Dungeon (1/15)

Altars:


Message History

The goblin hits you with a +0 club. The goblin attacks as you move away!
You block the goblin's attack.
You hit the goblin but do no damage. The goblin completely misses you.
You slash the goblin!
You kill the goblin!
You see here a +0 club.
You see here a +2 dagger of electrocution.
A kobold comes into view. It is wielding a +0 short sword.
A kobold is nearby!
A kobold is nearby!
A kobold is nearby!
The kobold shouts!
A kobold comes into view. It is wielding a +0 dagger of venom.
You slash the kobold!
You kill the kobold!
You see here a +0 short sword.
The kobold hits you but does no damage.
You are poisoned.
You feel sick. The kobold hits you but does no damage.
You are more poisoned.
You feel very sick. The kobold hits you but does no damage.
You are lethally poisoned!
You barely miss the kobold.
You feel very sick. The kobold hits you but does no damage.
You barely miss the kobold.
You feel very sick. You block the kobold's attack.
The kobold hits you but does no damage.
You are more poisoned.
You slash the kobold!
You kill the kobold!
* * * LOW HITPOINT WARNING * * *
You feel very sick.
* * * LOW HITPOINT WARNING * * *
You feel very sick.
You see here a +0 dagger of venom.
Okay, then.
You aren't carrying any scrolls.
You die...

.# #.#.........# .###
#.#.........# .#.#
#.#.........##### ..
.#.#.#.#.)...........##..
.....#.#................
.#........)...........#
...#.#.###............#
...#.#.# #.$..........#
...# #.# #....).@)....##..
.... ..# #................
##.# ### ##.........###...
#################....
###...........#### ......
...#####+#####...######..#
#####≈§§≈≈≈≈#####..## .. #
#≈≈≈.§...≈≈≈# ###.## .
#.....(.....# ##.#


There were no monsters in sight!

Vanquished Creatures
  3 hobgoblins (D:1)
  A ball python (D:1)
  A bat (D:1)
  5 goblins (D:1)
  4 kobolds (D:1)
  A rat (D:1)
15 creatures vanquished.

Notes
Turn   | Place    | Note
-------+----------+-------------------------------------------
     0 | D:1      | Moral the Hill Orc Fighter began the quest for the Orb.
     0 | D:1      | Reached XP level 1. HP: 19/19 MP: 1/1
   366 | D:1      | Reached XP level 2. HP: 27/27 MP: 2/2
   514 | D:1      | Succumbed to a kobold's poison

Illustrated notes

Levels and vault maps discovered:
D:1:      dpeg_arrival_morbid_curiosity, layout_basic, serial_rivers,
          chequers_serial_rivers_small_a, chequers_serial_rivers_large_a,
          chequers_serial_rivers_room_b, chequers_serial_rivers_room_b,
          chequers_serial_rivers_micro_c, chequers_serial_rivers_large_b

Skill      XL: |  1 |
---------------+----+-----
Axes           | 3 |  3.3
Fighting       | |  3.8
Armour         | |  3.4
Shields        | |  3.5

Action                     || total
---------------------------++-------
  Melee: War axe           ||    33
 Armour: Scale mail        ||    21
  Dodge: Dodged            ||    15
  Block: Buckler           ||    10

Table legend: (Time is in decaauts)
 A = Elapsed time spent in this place.
 B = Non-inter-level travel time spent in this place.
 C = Inter-level travel time spent in this place.
 D = Time resting spent in this place.
 E = Time spent auto-exploring this place.
 F = Levels seen in this place.
 G = Mean time per level.
                   A        B        C        D        E       F      G
               +--------+--------+--------+--------+--------+-----+--------+
         Total |    561 |    561 |      0 |      0 |    455 |   1 |  561.0 |
       Dungeon |    561 |    561 |      0 |      0 |    455 |   1 |  561.0 |
               +--------+--------+--------+--------+--------+-----+--------+

Top non-repeatable levels by time:
     D:1: 561 daAuts
